 Dungeon Crawl Stone Soup version 0.30-a0-1082-g70414cbcbb (webtiles) character file.

Game seed: 10323764352701343598

793 cheesebisquit the Magician (level 8, -2/54 HPs)
             Began as a Djinni Fire Elementalist on Apr 14, 2023.
             Slain by Duvessa
             ... wielding a +0 short sword
              (6 damage)
             ... on level 5 of the Dungeon on Apr 15, 2023.
             The game lasted 00:20:24 (5060 turns).

cheesebisquit the Magician (DjFE)                   Turns: 5060, Time: 00:20:25

Health: -2/54      AC:  6    Str:  6 (7)  XL:     8   Next: 12%
Gold:   116        EV: 13    Int: 17 (19) God:
                   SH:  0    Dex: 13 (14)

rFire   + + .      SeeInvis .    q - +3 flail (holy)
rCold   x . .      Faith    .    (no shield)
rNeg    . . .      Spirit   .    a - +0 robe
rPois   ∞          Reflect  .    p - +0 helmet
rElec   .          Rampage  .    (no cloak)
rCorr   .                        f - +2 pair of gloves
Will    .....                    (boots unavailable)
Stlth   ++                       g - amulet of regeneration
HPRegen 1.09/turn                (no ring)
MPRegen 0.00/turn                (no ring)

@: brilliant, flying
A: sickness immunity, fire resistance 2, cold vulnerability 1, float, innate
caster, HP casting, extra vitality 1
a: no special abilities


You were on level 5 of the Dungeon.
You visited 1 branch of the dungeon, and saw 5 of its levels.

You collected 116 gold pieces.

Inventory:

Hand Weapons
 q - a +3 flail of holy wrath (weapon)
Missiles
 l - 5 boomerangs
 t - a throwing net
Armour
 a - a +0 robe (worn)
 f - a +2 pair of gloves (worn)
 p - a +0 helmet (worn)
 u - a +0 kite shield
Jewellery
 g - an amulet of regeneration (around neck)
Wands
 h - a wand of flame (32)
 r - a wand of polymorph (8)
Scrolls
 b - a scroll of teleportation {unknown}
 c - 2 scrolls of vulnerability
 e - a scroll of fog
 i - a scroll of acquirement {unknown}
 k - a scroll of brand weapon {unknown}
Potions
 d - 2 potions of might
 m - a potion of ambrosia {unknown}
 n - a potion of curing {unknown}
 o - a potion of resistance {unknown}
 s - a potion of brilliance


   Skills:
 + Level 2.3 Fighting
 + Level 3.6 Dodging
 - Level 1.5 Stealth
 + Level 6.3 Spellcasting


You knew the following spells:

 Your Spells              Type           Power      Damage    Failure   Level
a - Foxfire               Conj/Fire      100%       2x1d9     1%          1
b - Searing Ray           Conj           80%        2d7       1%          2
d - Volatile Blastmotes   Fire/Tloc      80%        2d16      2%          3
e - Flame Wave            Conj/Fire      40%        2d11      9%          4
f - Shock                 Conj/Air       100%       1d9       1%          1
i - Inner Flame           Hex/Fire       40%        N/A       2%          3
x - Frozen Ramparts       Ice            80%        1d13      2%          3
z - Scorch                Fire           80%        2d8       1%          2
Your spell library was empty.

Dungeon Overview and Level Annotations

Branches:
Dungeon (5/15)
 Temple: D:4-7

Altars:
Qazlal

Shops:
D:1 (

Annotations:
D:3 2 transporters, pokedragonboy's ghost, amateur HOFi
D:5 Duvessa


Innate Abilities, Weirdness & Mutations

You are immune to sickness and miasma.
You are immune to poison.
Your flesh is very heat resistant. (rF++)
You are vulnerable to cold. (rC-)
You float through the air rather than walking.
You learn spells naturally, not from books.
Your magical power is your life essence.
You have superior vitality. (+4 MHP)


Message History

Casting: Foxfire (safe; 1% risk of failure)
Confirm with . or Enter, or press ? or * to list all spells.
Flames lash Duvessa.
Duvessa is burned terribly!
Duvessa is heavily wounded.
The foxfire hits Duvessa but does no damage.
Duvessa is heavily wounded.
The foxfire hits Duvessa.
Duvessa is burned terribly!
Duvessa is heavily wounded.
The wall freezes Duvessa.
Duvessa hits you with a +0 short sword! The iguana closely misses you.
The wall freezes Duvessa.
Duvessa hits you with a +0 short sword!
* * * LOW HITPOINT WARNING * * *
You are too injured to fight recklessly!
Casting: Foxfire (safe; 1% risk of failure)
Press: ? - help, Q - select action, (/) - cycle Dir - look around, f - activate
Okay, then.
Okay, then.
Okay, then.
Okay, then.
Your frozen ramparts will break if you move.
Continue?
The iguana attacks as you move away! The iguana bites you.
* * * LOW HITPOINT WARNING * * *
The frozen ramparts melt away as you move.
Duvessa barely misses you. The iguana attacks as you move away!
The iguana bites you but does no damage.
Duvessa attacks as you move away! Duvessa hits you but does no damage.
Duvessa closely misses you. Duvessa attacks as you move away!
Duvessa barely misses you. Duvessa hits you with a +0 short sword!
* * * LOW HITPOINT WARNING * * *
It was a potion of brilliance.
You feel clever all of a sudden. Duvessa misses you.
Duvessa hits you with a +0 short sword!
* * * LOW HITPOINT WARNING * * *
It was a potion of degeneration.
There was something very wrong with that liquid.
You feel weakened.
You feel dopey.
You feel clumsy. Duvessa hits you with a +0 short sword.
You die...

#†####.#.#..§§^....≈^##
#v##...#.#^.^≈≈..§^#.#
#.##)###.#§§≈≈^..###≈#
#.##.)##.#.≈^#...§##≈# #
#.##..)#.##.≈^...§§^####
#.........+..<.§§§§.+...
####....###.........####
##.#.# ##.......## #
###@# ##.....## #e#
##...## #l# ####+## #.#
..# #.#...### #.......#
###### #........ .(...#
#........ .... #.#...##.
#.#


You could see Duvessa (berserk, combustible) and an iguana.

Vanquished Creatures
  A water moccasin (D:4)
  2 scorpions
  Dowan (D:5)
  2 jellies (D:5)
  2 orc priests
  3 hounds (D:5)
  An orc wizard (D:5)
  Ijyb (D:5)
  8 gnolls
  6 adders
  A white imp (D:5)
  3 worms
  A dart slug (D:1)
  9 orcs
  6 endoplasms
  4 giant cockroaches
  10 goblins
  5 hobgoblins
  6 jackals
  8 kobolds
  6 quokkas
  3 ball pythons
  5 bats
  4 frilled lizards (D:2)
  6 rats
104 creatures vanquished.

Vanquished Creatures (others)
  228 foxfires
228 creatures vanquished.

Grand Total: 332 creatures vanquished

Notes
Turn   | Place    | Note
-------+----------+-------------------------------------------
     0 | D:1      | cheesebisquit the Djinni Fire Elementalist began the quest
                  | for the Orb.
     0 | D:1      | cheesebisquit set off with the following spells memorised:
                  | Foxfire, Scorch, Volatile Blastmotes, Inner Flame, Flame
                  | Wave.
     0 | D:1      | Reached XP level 1. HP: 15/15 MP: 0/0
   108 | D:1      | Reached XP level 2. HP: 6/21 MP: 0/0
   457 | D:1      | Found Exayseul's Antique Weapon Boutique.
   473 | D:1      | Reached skill level 3 in Spellcasting
   496 | D:1      | Upgraded the game from 0.30-a0-1075-gcd70e7a56d to
                  | 0.30-a0-1082-g70414cbcbb
   496 | D:1      | Reached XP level 3. HP: 22/25 MP: 0/0
   496 | D:1      | Learned a level 1 spell: Shock
  1305 | D:2      | Identified the +0 hat of Doomed Birdsong {+Inv Will- Int+4
                  | Dex+3}
  1396 | D:2      | Reached XP level 4. HP: 21/31 MP: 0/0
  1510 | D:2      | Found a faded altar of an unknown god.
  2363 | D:3      | Reached skill level 4 in Spellcasting
  2515 | D:3      | Reached XP level 5. HP: 35/35 MP: 0/0
  2515 | D:3      | Learned a level 2 spell: Searing Ray
  2632 | D:3      | Found a transporter.
  2636 | D:3      | Noticed pokedragonboy's ghost (amateur HOFi)
  2656 | D:3      | Found a transporter.
  3606 | D:4      | Reached XP level 6. HP: 40/40 MP: 0/0
  3664 | D:4      | Reached skill level 5 in Spellcasting
  3907 | D:4      | Found a sand-covered staircase.
  4127 | D:4      | Noticed a water moccasin
  4132 | D:4      | Killed a water moccasin
  4133 | D:4      | Reached XP level 7. HP: 35/45 MP: 0/0
  4133 | D:4      | Learned a level 3 spell: Frozen Ramparts
  4166 | D:4      | Reached skill level 6 in Spellcasting
  4289 | D:5      | Entered Level 5 of the Dungeon
  4289 | D:5      | Found a stormy altar of Qazlal.
  4584 | D:5      | Reached skill level 1 in Fighting
  4648 | D:5      | Noticed Ijyb
  4654 | D:5      | Killed Ijyb
  4874 | D:5      | Noticed Dowan
  4877 | D:5      | Killed Dowan
  4934 | D:5      | Reached XP level 8. HP: 54/54 MP: 0/0
  5047 | D:5      | Noticed Duvessa
  5060 | D:5      | Slain by Duvessa

Illustrated notes

Levels and vault maps discovered:
D:1:      kennysheep_arrival_seaside, layout_loops_ring, serial_shops,
          nicolae_shop_hallway_stairs
D:2:      minmay_door_path, layout_loops_corners, basic_ecumenical_altar
D:3:      layout_basic, gammafunk_ghost_stat_death, grunt_ministairs_8
D:4:      layout_loops_corners, mainiacjoe_overflow_tiny_flanked,
          enter_ossuary_3
D:5:      minmay_evil_eye, layout_loops_corners, grunt_qazlal_sundering,
          kennysheep_flooded_box, uniq_crazy_yiuf_cottage, uniq_ijyb,
          uniq_duvessa

Skill      XL: |  1  2  3  4  5  6  7 |
---------------+----------------------+-----
Spellcasting   | 3 4 5 6 |  6.3
Fighting       | 2 |  2.3
Dodging        | 3 |  3.6
Stealth        | |  1.5

Action                     |  1- 3 |  4- 6 |  7- 9 || total
---------------------------+-------+-------+-------++-------
  Melee: Whip              |    12 |     1 |       ||    13
         Flail             |       |     1 |       ||     1
   Cast: Foxfire           |    37 |    67 |    29 ||   133
         Scorch            |     7 |    26 |    19 ||    52
         Frozen Ramparts   |       |       |     4 ||     4
    Use: Scroll            |       |     8 |     1 ||     9
         Potion            |       |       |     2 ||     2
 Armour: Robe              |     7 |     2 |     5 ||    14
  Dodge: Dodged            |    20 |    18 |    22 ||    60

Table legend: (Time is in decaauts)
 A = Elapsed time spent in this place.
 B = Non-inter-level travel time spent in this place.
 C = Inter-level travel time spent in this place.
 D = Time resting spent in this place.
 E = Time spent auto-exploring this place.
 F = Levels seen in this place.
 G = Mean time per level.
                   A        B        C        D        E       F      G
               +--------+--------+--------+--------+--------+-----+--------+
         Total |   5059 |   4631 |    428 |    181 |   3726 |   5 | 1011.8 |
       Dungeon |   5059 |   4631 |    428 |    181 |   3726 |   5 | 1011.8 |
               +--------+--------+--------+--------+--------+-----+--------+

Top non-repeatable levels by time:
     D:2: 1253 daAuts
     D:1: 1132 daAuts
     D:4: 1086 daAuts
     D:3: 914 daAuts
     D:5: 672 daAuts
